[Event "*** SCC Grand Prix: Titled Tuesday Blitz"]
[Site "Chess.com"]
[Date "2020.06.02"]
[Round "8"]
[White "Susal_De_Silva"]
[Black "Oglob71"]
[Result "0-1"]
[WhiteElo "2342"]
[BlackElo "2510"]
[TimeControl "180+1"]
[EndTime "11:36:20 PDT"]
[Termination "Oglob71 won by resignation"]

1. e4 c5 2. Nf3 d6 3. Bb5+ Bd7 4. Bxd7+ Qxd7 5. c4 Nc6 6. Nc3 g6 7. d4 cxd4 8. Nxd4 Bg7 9. Be3 Nf6 10. h3 O-O 11.
O-O Rac8 12. b3 a6 13. Qd2 Qd8 14. Rfd1 Ne5 15. f4 Ned7 16. Rac1 Re8 17. Nf3 Qa5 18. g4 Nc5 19. e5 dxe5 20. fxe5 Nfd7 21. Qh2 Qc7 22.
Bf4 Ne6 23. Nd5 Qb8 24. Bg3 b5 25. h4 bxc4 26. bxc4 h6 27. g5 h5 28. Rf1 Ndc5 29. Rb1 Qa7 30. Bf2 Rb8 31. Nd4 Qd7 32. Rxb8 Rxb8 33.
Nc6 Re8 34. Nd4 Nd3 35. Nxe6 fxe6 36. Ne3 Nxe5 37. Bg3 Qd4 38. Bf2 Nf3+ 39. Kg2 Nxh2 0-1

[Event "*** SCC Grand Prix: Titled Tuesday Blitz"]
[Site "Chess.com"]
[Date "2020.06.02"]
[Round "8"]
[White "AliKa2810"]
[Black "Omk124"]
[Result "1-0"]
[WhiteElo "2582"]
[BlackElo "2437"]
[TimeControl "180+1"]
[EndTime "11:36:21 PDT"]
[Termination "AliKa2810 won by resignation"]

1. d4 c5 2. d5 Nf6 3. c4 d6 4. Nc3 g6 5. e4 Bg7 6. Nf3 O-O 7. h3 Na6 8. Bd3 Nc7 9. O-O a6 10. Re1 Rb8 11. e5 dxe5 12. Nxe5 Nd7 13. Bf4 Nxe5 14.
Bxe5 b5 15. Qe2 b4 16. Bxg7 Kxg7 17. Ne4 Re8 18. Nxc5 a5 19. Rad1 Ba6 20. Qe5+ Kg8 21. h4 Qd6 22. Qxd6 exd6 23. Nd7 Rxe1+ 24. Rxe1 Rd8 25.
Nf6+ Kg7 26. Re7 Na8 27. Ne4 Nb6 28. Ng5 h6 29. Ne6+ Kf6 30. Rxf7+ Kxf7 31. Nxd8+ Ke8 32. Nc6 Bxc4 33. Bxg6+ Kd7 34. Nxa5 Bxa2 35. Bf5+ Kc7 36. Nc6 Nxd5 37. Nd4 Ne7 38. Be6 Bb1 39. f4 Kb6 40. f5 Ng8 41. Bxg8 Kc5 42. Nb3+ Kb5 43. f6 Bg6 44. f7 Bxf7 45. Bxf7 1-0

[Event "*** SCC Grand Prix: Titled Tuesday Blitz"]
[Site "Chess.com"]
[Date "2020.06.02"]
[Round "8"]
[White "larisakalinina"]
[Black "manmanlai1"]
[Result "0-1"]
[WhiteElo "1988"]
[BlackElo "2368"]
[TimeControl "180+1"]
[EndTime "11:36:21 PDT"]
[Termination "manmanlai1 won on time"]

1. e4 c5 2. Nf3 e6 3. d4 cxd4 4.
Nxd4 a6 5. Nc3 Qc7 6. Bd3 b5 7. a3 Bb7 8. O-O Nf6 9. Qe1 Bd6 10. g3 Bc5 11. Nb3 Be7 12. f4 d6 13. h3 Nbd7 14. g4 Nc5 15. g5 Nfd7 16. Nd4 h6 17.
g6 fxg6 18. b4 Nxd3 19. cxd3 Nf8 20. Bd2 Qd7 21. Qg3 Bf6 22. Be3 g5 23. f5 Bxd4 24. Bxd4 e5 25. Be3 Qe7 26. a4 bxa4 27. Nxa4 Nd7 28.
Qf2 O-O 29. Kh2 Nf6 30. Nb6 Rab8 31. Rg1 Rfd8 32. h4 g4 33. Qd2 d5 34. Bxh6 gxh6 35. Qxh6 dxe4 36. dxe4 Rd4 37. Nd5 Bxd5 38. exd5 Qg7 39. Qxg7+ Kxg7 0-1

[Event "*** SCC Grand Prix: Titled Tuesday Blitz"]
[Site "Chess.com"]
[Date "2020.06.02"]
[Round "8"]
[White "cukin84"]
[Black "mamonika"]
[Result "1-0"]
[WhiteElo "2191"]
[BlackElo "1962"]
[TimeControl "180+1"]
[EndTime "11:36:21 PDT"]
[Termination "cukin84 won on time"]

1. e4 c5 2. Nc3 g6 3. f4 Bg7 4. Nf3 Nc6 5. Bb5 e6 6. Bxc6 dxc6 7. O-O Ne7 8. d3 O-O 9. Be3 b6 10. Kh1 Ba6 11. e5 Nd5 12. Bd2 c4 13. d4 Nxc3 14.
Bxc3 Qc7 15. Ng5 Rfd8 16. Qf3 c5 17. dxc5 Qxc5 18. Ne4 Qc7 19. Nd6 Bf8 20. Ne4 Be7 21. h4 Bb7 22. Rfe1 Bxe4 23. Qxe4 Bxh4 24. Re3 Be7 25.
Rh3 h5 26. Rg3 Kh8 27. Qe3 Qc5 28. Qf3 Qd5 29. Qe2 Rac8 30. Rf1 Rc7 31. Rh3 Kg8 32. Qf2 Qc5 33. Qg3 Rcd7 34. Rxh5 Rd1 35. Be1 1-0

[Event "*** SCC Grand Prix: Titled Tuesday Blitz"]
[Site "Chess.com"]
[Date "2020.06.02"]
[Round "8"]
[White "ehrenfeld"]
[Black "CrazyMartian"]
[Result "1-0"]
[WhiteElo "2444"]
[BlackElo "2298"]
[TimeControl "180+1"]
[EndTime "11:36:22 PDT"]
[Termination "ehrenfeld won on time"]

1. e4 c5 2. d3 d5 3. exd5 Nf6 4. c4 e6 5. dxe6 Bxe6 6. Nc3 Nc6 7. Be2 a6 8. Nf3 Bd6 9. O-O Qc7 10. Bg5 Ng4 11. h3 h6 12. Bd2 h5 13. Ne4 Nd4 14. g3 Ne5 15. Nxd4 cxd4 16. f4 Nc6 17. f5 Bd7 18. Nxd6+ Qxd6 19. Bf4 Qc5 20. Bf3 O-O-O 21. Be4 Bxf5 22. Bg2 Be6 23. b4 Qxb4 24. Rb1 Qc5 25. Qb3 Rd7 26. Qb6 Qxb6 27. Rxb6 Nd8 28. Rfb1 Re7 29.
Bd6 1-0

[Event "*** SCC Grand Prix: Titled Tuesday Blitz"]
[Site "Chess.com"]
[Date "2020.06.02"]
[Round "8"]
[White "Everyfishknows"]
[Black "H16"]
[Result "0-1"]
[WhiteElo "2334"]
[BlackElo "2527"]
[TimeControl "180+1"]
[EndTime "11:36:23 PDT"]
[Termination "H16 won on time"]

1. Nf3 c5 2. c4 Nc6 3. d4 g6 4. e4 Bg7 5. Be3 Qb6 6. Qb3 cxd4 7. Qxb6 axb6 8. Bd2 Nf6 9. Bd3 d6 10. O-O e5 11. Na3 Ke7 12. Nb5 Be6 13. Nc7 Rac8 14. Nd5+ Bxd5 15. cxd5 Nb8 16. Bb4 Nfd7 17. Bb5 Nc5 18.
Nd2 Nba6 19. Ba3 Nc7 20. Be2 Bh6 21. Nc4 Nxe4 22. Nxb6 Rcd8 23. f3 Be3+ 24. Kh1 Nf6 25. Bc4 h5 26. h4 g5 27. hxg5 Bxg5 28. g3 Be3 29. Kg2 Rdg8 30. Bd3 h4 31. g4 Nh5 32. Nc4 Nf4+ 33. Kh2 Nb5 34. Bb4 Nxd5 35. Be1 Nbc7 0-1

[Event "*** SCC Grand Prix: Titled Tuesday Blitz"]
[Site "Chess.com"]
[Date "2020.06.02"]
[Round "8"]
[White "H3nriqueTV"]
[Black "kudesnik84"]
[Result "0-1"]
[WhiteElo "2185"]
[BlackElo "2354"]
[TimeControl "180+1"]
[EndTime "11:36:23 PDT"]
[Termination "kudesnik84 won on time"]

1. e4 c5 2. Nf3 d6 3. g3 Nf6 4. Nc3 Nc6 5. Bg2 Nd4 6. O-O Bg4 7. d3 Qc8 8. Be3 h5 9. Bxd4 cxd4 10. Ne2 e5 11. c3 dxc3 12. Rc1 Be7 13. Nxc3 Qd7 14. d4 Bxf3 15. Qxf3 exd4 16. Ne2 Qa4 17. e5 dxe5 18.
Qxb7 O-O 19. Qxe7 Rae8 20. Qc5 Qxa2 21. Bc6 Re6 22. Bf3 Qxb2 23. Rc2 Qb3 24. Nc1 Qxf3 25.
Re1 h4 26. Rce2 h3 0-1

[Event "*** SCC Grand Prix: Titled Tuesday Blitz"]
[Site "Chess.com"]
[Date "2020.06.02"]
[Round "8"]
[White "OnatB"]
[Black "EfrenRamos1"]
[Result "0-1"]
[WhiteElo "2326"]
[BlackElo "2203"]
[TimeControl "180+1"]
[EndTime "11:36:23 PDT"]
[Termination "EfrenRamos1 won on time"]

1. e4 c5 2. Nf3 d6 3. Bb5+ Bd7 4. Bxd7+ Nxd7 5. O-O g6 6. c3 Bg7 7. d4 Qc7 8. Qe2 e6 9. Na3 a6 10. Bf4 b5 11. dxc5 Nxc5 12. Rad1 e5 13. Bc1 Ne7 14.
h4 h6 15. h5 g5 16. Nh2 O-O 17. Nc2 f5 18. exf5 Nxf5 19. Ng4 Rad8 20. Nce3 Qf7 21.
Nd5 Ne6 22. Rd3 Nf4 23. Bxf4 gxf4 24. Rfd1 Rde8 25. Rh3 Kh8 26. Qe4 a5 27. a4 bxa4 28. Ra1 Rb8 29. Ra2 Rb5 30. c4 Rb3 31. Rxb3 axb3 32.
Rxa5 Qxh5 33. Ra7 Qxg4 34. f3 Qg6 35. Rd7 Ra8 36. Qb1 Qg5 37. Rf7 Nh4 38. g4 Nxf3+ 39.
Kf2 Qxg4 0-1

[Event "*** SCC Grand Prix: Titled Tuesday Blitz"]
[Site "Chess.com"]
[Date "2020.06.02"]
[Round "8"]
[White "ItsCheckM8Mate"]
[Black "VladimirBugayev"]
[Result "0-1"]
[WhiteElo "2241"]
[BlackElo "2175"]
[TimeControl "180+1"]
[EndTime "11:36:23 PDT"]
[Termination "VladimirBugayev won by resignation"]

1. d4 d5 2. Nf3 Nf6 3. Bf4 c5 4.
e3 Nc6 5. Nbd2 Qb6 6. Rb1 cxd4 7. Nb3 dxe3 8. Bxe3 Qc7 9. c4 e6 10. cxd5 Bb4+ 11.
Bd2 Nxd5 12. Bd3 O-O 13. O-O Bxd2 14. Qxd2 Ne5 15. Nxe5 Qxe5 16. Rbe1 Qf4 17. Qc2 h6 18. Re4 Qf6 19. Qc7 Qe7 20. Qe5 Qf6 21. Qg3 Bd7 22. Re5 Bc6 23. Rfe1 Qf4 24. Qh3 Nf6 25. Na5 Bd5 26. Nb3 Rac8 27. R5e3 Qg4 28. Qxg4 Nxg4 29. Rg3 Nf6 30. Rge3 b6 31. h3 Rfd8 32. R3e2 Bxb3 33. axb3 Rxd3 0-1

[Event "*** SCC Grand Prix: Titled Tuesday Blitz"]
[Site "Chess.com"]
[Date "2020.06.02"]
[Round "8"]
[White "LionTheLeon_06"]
[Black "tsvet2005"]
[Result "1/2-1/2"]
[WhiteElo "2687"]
[BlackElo "2571"]
[TimeControl "180+1"]
[EndTime "11:36:24 PDT"]
[Termination "Game drawn by agreement"]

1. Nf3 d5 2. g3 c6 3. Bg2 Bg4 4.
O-O Nd7 5. d3 Ngf6 6. c4 e6 7.
cxd5 exd5 8. Nc3 Bd6 9. e4 dxe4 10. dxe4 Ne5 11. Bf4 Nxf3+ 12. Bxf3 Bxf4 13. Bxg4 Qxd1 14. Bxd1 Be5 15. Bc2 O-O 16. Rad1 Rad8 17. Kg2 g6 18. h3 Rfe8 19. f4 Rxd1 20. Nxd1 Bd4 21. e5 Nd5 22. Bb3 Rd8 23. Rf3 Bb6 24. Kf1 h5 25. h4 Kf8 26.
Ke2 Ke7 27. Nc3 Nxc3+ 28. Rxc3 Ba5 29. Rc2 Bb6 30. a3 a5 31. Bc4 Rd4 32. Bd3 Rd5 33. Be4 Rd4 34. Bg2 f6 35. exf6+ Kxf6 36. Bf3 Rd8 37. Rc3 Re8+ 38. Kf1 Re3 39. Rxe3 Bxe3 40. a4 1/2-1/2

[Event "*** SCC Grand Prix: Titled Tuesday Blitz"]
[Site "Chess.com"]
[Date "2020.06.02"]
[Round "8"]
[White "ninodg"]
[Black "anastasiyakarlovych"]
[Result "1-0"]
[WhiteElo "2500"]
[BlackElo "1936"]
[TimeControl "180+1"]
[EndTime "11:36:24 PDT"]
[Termination "ninodg won by resignation"]

1. e4 e5 2. Nf3 Nc6 3. Bc4 Bc5 4.
c3 Nf6 5. d3 a6 6. O-O Ba7 7.
Nbd2 d6 8. Bb3 h6 9. Re1 Ng4 10. Re2 Ne7 11. Nf1 Ng6 12. h3 Nf6 13. d4 O-O 14. Ng3 Re8 15. Re1 Bd7 16. Nh2 Bc6 17.
Bc2 Qd7 18. d5 Bb5 19. a4 Nh4 20. axb5 axb5 21. Be3 Bxe3 22. Rxe3 Rxa1 23. Qxa1 c6 24. dxc6 bxc6 25. Re1 d5 26. Qd1 d4 27. cxd4 exd4 28.
e5 Nh7 29. Nf3 Ng6 30. Qd3 c5 31. b3 Ng5 32. Nxg5 hxg5 33. Ne4 Re6 34. Nxc5 1-0

[Event "*** SCC Grand Prix: Titled Tuesday Blitz"]
[Site "Chess.com"]
[Date "2020.06.02"]
[Round "8"]
[White "rubhani"]
[Black "GigaQuparadze"]
[Result "1-0"]
[WhiteElo "2593"]
[BlackElo "2811"]
[TimeControl "180+1"]
[EndTime "11:36:26 PDT"]
[Termination "rubhani won by resignation"]

1. e4 c5 2. Nf3 e6 3. d4 cxd4 4.
Nxd4 a6 5. c4 Nf6 6. Nc3 Bb4 7.
Qd3 Nc6 8. Nc2 Bc5 9. Be3 Qe7 10. Be2 O-O 11. O-O d6 12. a3 Ne5 13. Qd2 Bd7 14. f4 Ng6 15. Bxc5 dxc5 16. e5 Ne8 17. Bf3 Rd8 18.
Rad1 f6 19. Bxb7 fxe5 20. Bc6 Rxf4 21. Rxf4 exf4 22. Bxd7 Nf8 23. Qxf4 Rxd7 24. Rf1 Ng6 25. Qe3 Nf6 26. b4 Rc7 27. b5 Qd6 28. Rd1 Qb6 29.
Rd8+ Kf7 30. Ne4 axb5 31. Rd6 Rc6 32. Ng5+ Kf8 33. Qxe6 Nh8 34. Rxc6 Qd8 35. Rc8 1-0

[Event "*** SCC Grand Prix: Titled Tuesday Blitz"]
[Site "Chess.com"]
[Date "2020.06.02"]
[Round "8"]
[White "umngqusho"]
[Black "szefru"]
[Result "1-0"]
[WhiteElo "2500"]
[BlackElo "2150"]
[TimeControl "180+1"]
[EndTime "11:36:26 PDT"]
[Termination "umngqusho won by resignation"]

1. e4 Nf6 2. e5 Nd5 3. d4 g6 4.
c4 Nb6 5. f4 Bg7 6. Nc3 d6 7.
Be3 O-O 8. c5 dxc5 9. dxc5 Qxd1+ 10. Rxd1 N6d7 11. Nd5 Nc6 12. Nxc7 Rb8 13. Nf3 e6 14.
Nb5 b6 15. cxb6 Nxb6 16. Bc5 Rd8 17. Rxd8+ Nxd8 18. Nxa7 Na4 19. Bd4 Nxb2 20. Nxc8 Rxc8 21. Bxb2 Rc2 22. Bd4 Rxa2 23. Be2 Nc6 24. Bc3 Bh6 25. g3 Bf8 26. Nd4 Nxd4 27. Bxd4 Ra4 28. Be3 Ra1+ 29. Bd1 Bb4+ 30. Kf2 Kg7 31. Bf3 Ra2+ 32. Be2 h5 33. h3 Ba5 34. g4 hxg4 35. hxg4 f6 36. exf6+ Kxf6 37. Bd4+ Ke7 38. Bc5+ Kf6 39. Kf3 Ra4 40. Rh7 g5 41. fxg5+ Kxg5 42. Be7+ Kg6 43. Bd3+ 1-0

[Event "*** SCC Grand Prix: Titled Tuesday Blitz"]
[Site "Chess.com"]
[Date "2020.06.02"]
[Round "8"]
[White "ErikRonka"]
[Black "Bhagya_2312"]
[Result "1-0"]
[WhiteElo "2397"]
[BlackElo "2159"]
[TimeControl "180+1"]
[EndTime "11:36:26 PDT"]
[Termination "ErikRonka won on time"]

1. d4 d5 2. e4 c6 3. Nc3 dxe4 4. f3 Nf6 5. Bc4 exf3 6. Nxf3 e6 7. O-O Be7 8. Bg5 Nbd7 9. Qe2 O-O 10. Kh1 a6 11. Ne5 Nb6 12. Bd3 Qxd4 13. Rad1 Qb4 14. Rf4 Qxb2 15. Bxf6 Bxf6 16. Rxf6 Qxc3 17.
Rxf7 Rxf7 18. Qh5 g6 19. Bxg6 Re7 20. Rd8+ Kg7 21. Qxh7+ Kf6 22. Rf8+ Kxe5 23. Qh8+ Kd6 24. Qxc3 Nd5 25. Qg3+ Kc5 26. Rf1 Kb6 27. Qf2+ Kc7 28. c4 1-0

[Event "*** SCC Grand Prix: Titled Tuesday Blitz"]
[Site "Chess.com"]
[Date "2020.06.02"]
[Round "8"]
[White "angryhorse9"]
[Black "monalize"]
[Result "1-0"]
[WhiteElo "2431"]
[BlackElo "2284"]
[TimeControl "180+1"]
[EndTime "11:36:26 PDT"]
[Termination "angryhorse9 won by resignation"]

1. e4 c5 2. Nf3 d6 3. Bb5+ Nd7 4. Ba4 a6 5. c4 e6 6. O-O Nf6 7.
Nc3 Be7 8. d4 cxd4 9. Nxd4 O-O 10. Bc2 Qc7 11. b3 b5 12. Bb2 bxc4 13. Rc1 Rb8 14. Kh1 Nc5 15. f4 Bb7 16. Qf3 cxb3 17.
Nxb3 Ba8 18. Ba1 Rfc8 19. Nxc5 Qxc5 20. Bd3 Qa5 21. h3 Rc7 22. Qg3 Rbc8 23. e5 dxe5 24. fxe5 Nh5 25. Qg4 g6 26. Rb1 Rxc3 27. Bxc3 Qxc3 28.
Rbc1 Qxc1 29. Rxc1 Rxc1+ 30. Kh2 a5 31. Qd4 Bd5 32.
g4 Ng7 33. Qa7 h5 34. Qxe7 hxg4 35. hxg4 1-0

[Event "*** SCC Grand Prix: Titled Tuesday Blitz"]
[Site "Chess.com"]
[Date "2020.06.02"]
[Round "8"]
[White "WIDBIFS"]
[Black "Moon_stone123"]
[Result "1/2-1/2"]
[WhiteElo "2704"]
[BlackElo "2481"]
[TimeControl "180+1"]
[EndTime "11:36:27 PDT"]
[Termination "Game drawn by repetition"]

1. d4 Nf6 2. Nf3 g6 3. g3 Bg7 4. Bg2 O-O 5. O-O d5 6. c4 dxc4 7. Na3 c3 8. bxc3 c5 9. e3 Bf5 10. Bb2 Nc6 11. Nd2 Be6 12. Nb3 cxd4 13. cxd4 Bd5 14.
f3 b6 15. Qe2 Bxb3 16. axb3 Nd5 17. f4 Rc8 18. Rfd1 Na5 19. Nc4 Nxb3 20. Rxa7 b5 21. Ne5 Nc3 22. Bxc3 Rxc3 23. Ra8 Qc7 24. Rxf8+ Bxf8 25. Qxb5 Rxe3 26. Bd5 Nxd4 27. Rxd4 Qc1+ 28. Kg2 Qc2+ 29.
Kh3 Qf5+ 30. Kg2 Qc2+ 31. Kf1 Qc1+ 32. Kg2 Qc2+ 1/2-1/2

[Event "*** SCC Grand Prix: Titled Tuesday Blitz"]
[Site "Chess.com"]
[Date "2020.06.02"]
[Round "8"]
[White "Sweafty"]
[Black "Ave_Mariia"]
[Result "0-1"]
[WhiteElo "2492"]
[BlackElo "2325"]
[TimeControl "180+1"]
[EndTime "11:36:27 PDT"]
[Termination "Ave_Mariia won on time"]

1. Nf3 d6 2. d4 Nf6 3. Bf4 g6 4.
g3 Bg7 5. Qd2 c5 6. c3 Ne4 7.
Qc1 Nc6 8. dxc5 dxc5 9. Bg2 O-O 10. Bh6 Qb6 11. Bxg7 Kxg7 12. Nbd2 Nxd2 13. Nxd2 Be6 14. h4 h5 15. O-O c4 16. Nf3 Rfd8 17. Ng5 Bg4 18. Qf4 f6 19. Nf3 Qxb2 20. Qxc4 Rac8 21. Rab1 Qa3 22. Qf4 Qxc3 23. Rxb7 Re8 24. Rc1 Qa5 25. Nh2 Ne5 26. Rxc8 Qe1+ 27. Bf1 Bxc8 28. Rxa7 Bh3 29.
Qa4 Ng4 0-1

[Event "*** SCC Grand Prix: Titled Tuesday Blitz"]
[Site "Chess.com"]
[Date "2020.06.02"]
[Round "8"]
[White "Kildepiotr"]
[Black "Kopytkin"]
[Result "1-0"]
[WhiteElo "2462"]
[BlackElo "2311"]
[TimeControl "180+1"]
[EndTime "11:36:27 PDT"]
[Termination "Kildepiotr won by checkmate"]

1. Nf3 d5 2. g3 c5 3. Bg2 Nf6 4. O-O Nc6 5. d3 Bg4 6. Nbd2 e6 7. e4 Be7 8. h3 Bh5 9. Qe1 O-O 10. c3 Qc7 11. Nh2 dxe4 12. Nxe4 Nxe4 13. dxe4 e5 14. Bf3 Bg6 15. Be3 c4 16. Qe2 b5 17. b3 Na5 18. b4 Nc6 19. a4 a6 20. Rfd1 Rfd8 21. Rxd8+ Bxd8 22. axb5 Nb8 23. Bc5 Qb7 24. bxa6 Nxa6 25.
Qxc4 Nxc5 26. Rxa8 Qxa8 27. Qxc5 Qb8 28. Ng4 f6 29.
Be2 Bb6 30. Bc4+ Kh8 31. Qc6 Qd8 32. Qd5 Qb8 33. Nh2 Bh5 34. Kg2 h6 35. Nf1 Bg6 36.
Nd2 Bh7 37. Nb3 Ba7 38. Nc5 Bg6 39. Nd7 Qc7 40. Qg8# 1-0

[Event "*** SCC Grand Prix: Titled Tuesday Blitz"]
[Site "Chess.com"]
[Date "2020.06.02"]
[Round "8"]
[White "TheNextLevelFan"]
[Black "abhidabhi"]
[Result "0-1"]
[WhiteElo "2467"]
[BlackElo "2709"]
[TimeControl "180+1"]
[EndTime "11:36:28 PDT"]
[Termination "abhidabhi won on time"]

1. d4 f6 2. e4 e6 3. Bd3 Nc6 4. c3 d5 5. Nf3 Bd6 6. O-O Nge7 7. b4 O-O 8. b5 dxe4 9. Bxe4 Na5 10.
Re1 c5 11. Ba3 cxd4 12. Bxd6 Qxd6 13. Nxd4 e5 14. Nb3 Qxd1 15. Rxd1 Nc4 16. N1d2 Nd6 17. Bd3 Be6 18. c4 Rfd8 19. c5 Ndf5 20. Bc4 Bxc4 21. Nxc4 Rac8 22. Rxd8+ Rxd8 23. Rc1 Nd4 24. Nxd4 Rxd4 25.
Kf1 Nf5 26. a4 Kf7 27. a5 Ke7 28. h3 h5 29. Ke2 Rd5 30. Ne3 Nd4+ 31. Kd3 Rd8 32.
Kc4 a6 33. bxa6 bxa6 34. Rb1 Nb5 35. Rxb5 Rd4+ 0-1

[Event "*** SCC Grand Prix: Titled Tuesday Blitz"]
[Site "Chess.com"]
[Date "2020.06.02"]
[Round "8"]
[White "Mikhal867"]
[Black "elohunter1999"]
[Result "1-0"]
[WhiteElo "2321"]
[BlackElo "2501"]
[TimeControl "180+1"]
[EndTime "11:36:28 PDT"]
[Termination "Mikhal867 won by resignation"]

1. c4 Nf6 2. d4 e6 3. f3 d5 4.
Nc3 c5 5. cxd5 cxd4 6. Qxd4 Nc6 7. Qa4 exd5 8. Bg5 d4 9. O-O-O h6 10. Bxf6 Qxf6 11.
Ne4 Qf4+ 12. e3 Qxe3+ 13. Kb1 Bf5 14. Bb5 Rc8 15. Ne2 Bxe4+ 16. fxe4 Bc5 17. Nxd4 Qxe4+ 18. Ka1 O-O 19. Nxc6 Qxa4 20. Bxa4 bxc6 21. Rc1 Bb6 22. Rxc6 Rxc6 23. Bxc6 Rd8 24. Bf3 Rd2 25. Rd1 Rf2 26. a3 g6 27. Ka2 Kg7 28. Kb3 g5 29.
Kc3 g4 30. Bxg4 Rxg2 31. h3 Kg6 32. Rd5 Bd8 33. Rxd8 h5 34. Rd6+ f6 35. Bc8 Rg3+ 36.
Kc4 Kg5 37. Rd5+ Kh4 38. Rd4+ Kg5 39. a4 f5 40. Rd5 Rf3 41. Rxf5+ Rxf5 42. Bxf5 Kxf5 43. b4 Kg5 44. b5 Kh4 45. a5 Kxh3 46. b6 axb6 47. a6 b5+ 48. Kxb5 h4 49. a7 Kh2 50.
a8=Q h3 51. Qf3 1-0

[Event "*** SCC Grand Prix: Titled Tuesday Blitz"]
[Site "Chess.com"]
[Date "2020.06.02"]
[Round "8"]
[White "Aleksandar-Topalov"]
[Black "ZAbdumalik"]
[Result "1-0"]
[WhiteElo "2449"]
[BlackElo "2630"]
[TimeControl "180+1"]
[EndTime "11:36:28 PDT"]
[Termination "Aleksandar-Topalov won on time"]

1. b3 Nf6 2. Bb2 g6 3. Bxf6 exf6 4. c4 Bg7 5. Nc3 O-O 6. e3 c6 7. Nge2 f5 8. g3 d6 9. Bg2 Nd7 10. O-O Nf6 11. Rb1 h5 12. b4 h4 13. b5 Bd7 14.
bxc6 Bxc6 15. Nd5 hxg3 16. hxg3 Rc8 17. Qb3 Bxd5 18. cxd5 b6 19. Rfc1 Rc5 20. d4 Rxc1+ 21. Rxc1 Qd7 22. Rc6 g5 23. Qc4 f4 24. gxf4 gxf4 25.
Nxf4 Bh6 26. Ne2 Kh8 27. Qd3 Rg8 28. Ng3 Bf8 29. Qf5 Qxf5 30. Nxf5 Nxd5 31. Nxd6 f6 32.
Nf7+ Kh7 33. Kf1 Nb4 34. Rxf6 Nxa2 35. Be4+ Kg7 36. Rf3 Nc3 37. Bd3 Be7 38. Rg3+ Kf8 39. Rf3 Ke8 40. Ne5 Bd6 41. Nc4 Be7 42. e4 b5 43. Na5 b4 44. e5 Rg4 45. Nc6 1-0

[Event "*** SCC Grand Prix: Titled Tuesday Blitz"]
[Site "Chess.com"]
[Date "2020.06.02"]
[Round "8"]
[White "chessfrendz"]
[Black "AniJak"]
[Result "0-1"]
[WhiteElo "2378"]
[BlackElo "2265"]
[TimeControl "180+1"]
[EndTime "11:36:28 PDT"]
[Termination "AniJak won by checkmate"]

1. d4 d5 2. Nf3 Nf6 3. Bf4 c6 4. e3 Bg4 5. Nbd2 e6 6. h3 Bh5 7.
Bd3 Bd6 8. Bg5 Nbd7 9. c3 Bg6 10.
Bxg6 hxg6 11. e4 dxe4 12. Nxe4 Be7 13. Qe2 Nxe4 14. Bxe7 Qxe7 15. Qxe4 O-O-O 16. O-O-O Nb6 17. Ne5 Kb8 18. Kb1 Nd7 19. Rhe1 Nxe5 20. Qxe5+ Kc8 21. Qxg7 Rh5 22. Re5 Rh4 23. Rde1 Rf4 24. R5e2 Rf5 25. g4 Rb5 26. Re5 Rb6 27. Kc2 Rd7 28. Rc5 Qh4 29. Qf8+ Kc7 30. Re2 Qxh3 31. Rg5 Qf3 32. Rge5 Qxg4 33.
a4 a6 34. a5 Rb5 35. Rxb5 Qxe2+ 36. Kb1 Qxb5 37. b4 Qd3+ 38. Kb2 Qd2+ 39. Kb3 Qd1+ 40.
Kb2 Qe2+ 41. Kb3 Qb5 42. Qe8 Qd5+ 43. Kb2 e5 44. dxe5 Qd2+ 45. Kb3 Qd1+ 46. Kb2 Rd2+ 47. Ka3 Qa1+ 48. Kb3 Qa2# 0-1

[Event "*** SCC Grand Prix: Titled Tuesday Blitz"]
[Site "Chess.com"]
[Date "2020.06.02"]
[Round "8"]
[White "superchess02"]
[Black "PlayChessSimple"]
[Result "1-0"]
[WhiteElo "2708"]
[BlackElo "2527"]
[TimeControl "180+1"]
[EndTime "11:36:29 PDT"]
[Termination "superchess02 won on time"]

1. e4 e6 2. d4 d5 3. Nc3 Nf6 4. e5 Nfd7 5. f4 c5 6. Nf3 Nc6 7. Be3 Qb6 8. Na4 Qa5+ 9. c3 cxd4 10. b4 Qc7 11. Nxd4 a6 12. Rc1 b5 13. Nb2 Nb6 14. Be2 Be7 15. O-O O-O 16. f5 Nxe5 17. Bf4 Bf6 18. Nd3 Nbc4 19. g4 Qe7 20. g5 Bxg5 21.
Bxe5 Bxc1 22. Qxc1 exf5 23. Bf4 Re8 24. Bf3 Be6 25.
Kh1 Rac8 26. Rg1 Kh8 27. Qf1 Rg8 28. Qh3 g5 29. Be5+ f6 30. Nxe6 fxe5 31. Bxd5 g4 32. Qh5 Ne3 33. Nxe5 Rcf8 34. Nxf8 1-0

[Event "*** SCC Grand Prix: Titled Tuesday Blitz"]
[Site "Chess.com"]
[Date "2020.06.02"]
[Round "8"]
[White "1f3_2g41-0"]
[Black "Shushik"]
[Result "0-1"]
[WhiteElo "2231"]
[BlackElo "2171"]
[TimeControl "180+1"]
[EndTime "11:36:29 PDT"]
[Termination "Shushik won by resignation"]

1. e4 e5 2. Nf3 Nc6 3. Bb5 Nf6 4. d3 d6 5. O-O a6 6. Ba4 b5 7. Bb3 Na5 8. Bg5 Be7 9. Qd2 c5 10. Nc3 h6 11. Bxf6 Bxf6 12. Bd5 Rb8 13. b4 Nb7 14. a4 cxb4 15. Na2 a5 16. axb5 Bd7 17.
c4 Nc5 18. Nc1 g5 19. Qe2 g4 20. Nd2 Be6 21. Bxe6 Nxe6 22. Ncb3 Ra8 23. Ra4 h5 24.
Rfa1 Nf4 25. Qf1 h4 26. Rxa5 Rxa5 27. Nxa5 g3 28. hxg3 hxg3 29. fxg3 Qb6+ 30. Qf2 Rh1+ 31. Kxh1 Qxf2 32. gxf4 exf4 33. Nf3 Bxa1 34. Nb7 Qb6 35. c5 dxc5 0-1

[Event "*** SCC Grand Prix: Titled Tuesday Blitz"]
[Site "Chess.com"]
[Date "2020.06.02"]
[Round "8"]
[White "vikber19611"]
[Black "marszach123"]
[Result "0-1"]
[WhiteElo "1931"]
[BlackElo "2126"]
[TimeControl "180+1"]
[EndTime "11:36:29 PDT"]
[Termination "marszach123 won by checkmate"]

1. e4 c5 2. Nf3 d6 3. d4 cxd4 4. Nxd4 Nf6 5. Nc3 a6 6. Be2 e5 7.
Nb3 Be7 8. O-O O-O 9. f4 Nc6 10. f5 d5 11. exd5 Nb4 12. Be3 Nbxd5 13. Nxd5 Qxd5 14.
Qxd5 Nxd5 15. Bc5 Bxc5+ 16. Nxc5 Ne3 17. Rf2 Nxc2 18. Rc1 Nd4 19. Bd3 b6 20. Be4 Rb8 21. Nd3 f6 22. Bd5+ Kh8 23. g4 Bb7 24. Bxb7 Rxb7 25. Nb4 a5 26. Nd5 Rd8 27. Ne3 Kg8 28. Kf1 Kf7 29. Rd2 Rdd7 30. Kf2 Rbc7 31. Rxc7 Rxc7 32. b3 Rc5 33. Nc4 Rc6 34. Ke3 a4 35. Rd3 axb3 36. axb3 b5 37. Nd2 Rc2 38. h4 Ke7 39.
Ne4 Re2# 0-1

[Event "*** SCC Grand Prix: Titled Tuesday Blitz"]
[Site "Chess.com"]
[Date "2020.06.02"]
[Round "8"]
[White "ChainsOfFantasia"]
[Black "ChristopherYoo"]
[Result "0-1"]
[WhiteElo "2489"]
[BlackElo "2807"]
[TimeControl "180+1"]
[EndTime "11:36:30 PDT"]
[Termination "ChristopherYoo won by resignation"]

1. c4 Nf6 2. Nc3 g6 3. e4 e5 4. g3 Bg7 5. Bg2 O-O 6. Nge2 Re8 7. O-O Na6 8. d3 c6 9. f4 exf4 10. Nxf4 Nc7 11. Qf3 d6 12. h3 a6 13. Bd2 b5 14. b3 Bb7 15. Rae1 b4 16. Na4 c5 17. Nb6 Rb8 18. g4 Nd7 19. Nbd5 Ne5 20. Qg3 Nxd5 21. exd5 Bf6 22. Be4 Bh4 23. Qg2 Bxe1 24. Rxe1 Bc8 25. Qg3 Bd7 26. Rf1 a5 27. h4 a4 28. g5 Ra8 29. h5 axb3 30. axb3 Ra2 31. Be3 Ng4 32. hxg6 hxg6 33. Nxg6 fxg6 34. Qxd6 Bf5 35. Qxc5 Bxe4 36.
dxe4 Nxe3 37. Qxe3 Qc7 38. Rf4 Qe5 39. c5 Qxg5+ 40.
Kf1 Qg2+ 41. Ke1 Ra1+ 0-1

[Event "*** SCC Grand Prix: Titled Tuesday Blitz"]
[Site "Chess.com"]
[Date "2020.06.02"]
[Round "8"]
[White "ArnieChipmunk"]
[Black "mirochka"]
[Result "1-0"]
[WhiteElo "2278"]
[BlackElo "2166"]
[TimeControl "180+1"]
[EndTime "11:36:30 PDT"]
[Termination "ArnieChipmunk won on time"]

1. e4 c5 2. Nf3 Nc6 3. d4 cxd4 4. Nxd4 e5 5. Nb5 d6 6. N1c3 a6 7. Na3 b5 8. Nd5 Nge7 9. Bg5 f6 10. Qh5+ g6 11. Nxf6+ Kf7 12. Qf3 Nd4 13. Qg3 h6 14. Be3 Kxf6 15. f4 Nec6 16. c3 Ne6 17. f5 gxf5 18.
exf5 Ng5 19. O-O-O Bxf5 20. Bd3 Bxd3 21. Rxd3 Qd7 22.
Rf1+ Ke7 23. Bxg5+ hxg5 24. Qxg5+ Ke8 25. Qg6+ Kd8 26. Qf6+ Kc7 27. Qxh8 e4 28. Rh3 b4 29. Nc4 d5 30. Rxf8 Rxf8 31. Qxf8 Ne7 32. Rh7 1-0